 Dungeon Crawl Stone Soup version 0.17-a0-1570-g74b7129 (webtiles) character file.

131515 urechis the Black Belt (level 16, -21/198 HPs)
             Began as a Troll Monk on July 23, 2015.
             Was the Champion of Jiyva.
             Killed by the raging water
             ... invoked by a water nymph
              (22 damage)
             ... on level 4 of the Shoals.
             The game lasted 01:52:51 (26662 turns).

urechis the Black Belt (Troll Monk)                Turns: 26662, Time: 01:52:51

Health: -21/198    AC: 19    Str:  7    XL:     16   Next: 25%
Magic:  24/24      EV: 28    Int: 12    God:    Jiyva [******]
Gold:   2229       SH:  2    Dex: 39    Spells: 0 memorised, 15 levels left

rFire  . . .     SeeInvis .       - Unarmed
rCold  + + .     Clarity  .     a - +2 robe {rC+}
rNeg   . . .     SustAt   .     (no shield)
rPois  .         Gourm    +     (helmet restricted)
rElec  .         Spirit   .     h - +2 cloak "Vaudabb" {Regen+ MP+9 Int+4}
rCorr  +         Warding  .     (gloves unavailable)
rMut   .         Stasis   .     (boots unavailable)
MR     +....                    w - amulet of rage
Stlth  ++++......               r - ring "Goutin" {+Fly Str+4 Slay+3}
                                G - +6 ring of protection

@: lethally poisoned (-21 -> -22), about to teleport, invisible, somewhat
resistant to hostile enchantments, stealthy
A: unfitting armour, beak, claws 3, horns 2, large bone plates 1, thin skeletal
structure 1, agile 1, cold resistance 1, fast metabolism 3, gourmand, sense
surroundings 1, regeneration 2, robust 2, shaggy fur 1, tough skin 2, wild magic
2, eyeballs 1, gelatinous body 3, pseudopods 3, translucent skin 1
a: Request Jelly, Jelly Paralyse, Slimify, Cure Bad Mutation, Renounce Religion,
Evoke Berserk Rage, Evoke Flight
}: 1/15 runes: slimy


You were on level 4 of the Shoals.
You worshipped Jiyva.
Jiyva was exalted by your worship.
You were full.

You visited 6 branches of the dungeon, and saw 38 of its levels.
You also visited: Ice Cave.

You collected 2355 gold pieces.
You spent 126 gold pieces at shops.

Inventory:

Missiles
 D - 18 large rocks (quivered)
Armour
 a - a +2 robe of cold resistance (worn)
 g - a +0 cloak of poison resistance
 h - the +2 cloak "Vaudabb" (worn) {Regen+ MP+9 Int+4}
   (You found it on level 2 of the Shoals)

   It affects your intelligence (+4).
   It affects your magic capacity (+9).
   It increases your rate of regeneration.
 y - a troll hide
Jewellery
 r - the ring "Goutin" (right claw) {+Fly Str+4 Slay+3}
   (You found it on level 7 of the Lair of Beasts)

   [ring of flight]

   It affects your strength (+4).
   It affects your accuracy and damage with ranged weapons and melee attacks
   (+3).
   It lets you fly.
 w - an amulet of rage (around neck)
 G - a +6 ring of protection (left claw)
Magical devices
 K - a wand of disintegration (15)
Scrolls
 e - 3 scrolls of enchant armour {unknown}
 k - 2 scrolls of magic mapping
 l - 8 scrolls of teleportation
 q - 5 scrolls of remove curse
 u - 2 scrolls of fog {unknown}
 B - 4 scrolls of immolation {unknown}
 C - 6 scrolls of blinking
 E - 2 scrolls of fear
 H - a scroll of holy word {unknown}
 Q - 2 scrolls of recharging {unknown}
Potions
 d - 2 potions of agility
 i - a potion of invisibility
 o - 13 potions of curing
 p - 2 potions of haste
 s - 2 potions of cancellation
 v - 4 potions of berserk rage
 F - 7 potions of flight
 J - a potion of poison {unknown}
 N - a potion of magic {unknown}
 O - a potion of might {unknown}
Comestibles
 b - 10 bread rations
 c - 4 meat rations
 n - 4 beef jerkies
 x - a slice of pizza
 I - 14 royal jellies


   Skills:
 - Level 12.0 Fighting
 + Level 12.8 Throwing
 - Level 12.0 Dodging
 - Level 1.1 Stealth
 - Level 17.0 Unarmed Combat


You had 15 spell levels left.
You didn't know any spells.

Dungeon Overview and Level Annotations

Branches:
Dungeon (15/15)            Temple (1/1) D:6            Lair (8/8) D:8
 Shoals (4/4) Lair:3        Snake (0/4) Lair:4        Slime (6/6) Lair:6
    Orc (4/4) D:11            Elf (0/3) Orc:4        Vaults (0/5) D:13
 Depths (0/5) D:15

Altars:
Ashenzari
Cheibriados
Dithmenos
Elyvilon
Fedhas
Gozag
Kikubaaqudgha
Makhleb
Nemelex Xobeh
Okawaru
Qazlal
Ru
Sif Muna
Trog
Vehumet
Xom
Yredelemnul
Zin
The Shining One
Beogh
Jiyva

Shops:
D:5 *   D:7 :   D:13 =   Orc:2 [   Orc:4 [[((   Shoals:2 *

Annotations:
Shoals:4 Ilsuiw
Slime:6 Royal Jelly


Innate Abilities, Weirdness & Mutations

You are too large for most types of armour.
You have claws for hands.
Your metabolism is lightning-fast.
You like to eat raw meat.
You heal very quickly.
You are covered in fur (AC +1).
You have very tough skin (AC +2).
You have a beak for a mouth.
You have a pair of horns on your head.
You are partially covered in large bone plates (AC +2, SH +2).
You have a somewhat thin skeletal structure (Dex +2, Stealth).
You are agile. (Dex +2)
Your flesh is cold resistant.
You passively map a small area around you.
You are very robust (+20% HP).
Your spells are harder to cast, but more powerful.
Your body is partially covered in golden eyeballs (Acc +3).
Your gelatinous body deflects attacks (AC +2, EV +2).
Armour fits poorly on your massive pseudopods.
Your skin is partially translucent (Stealth, -foe acc).


Message History

The merfolk impaler completely misses you.
You miss the merfolk impaler.
Your headbutt misses the merfolk impaler.
You peck the merfolk impaler. You bludgeon the merfolk impaler!
The merfolk impaler is almost dead.
You feel sick. The water nymph touches you. The water nymph drowns you!
* * * LOW HITPOINT WARNING * * *
Something hits you.
* * * LOW HITPOINT WARNING * * *
The merfolk completely misses you.
The water nymph gestures at you while chanting.
The water swirls and strikes you!
* * * LOW HITPOINT WARNING * * *
The merfolk impaler misses you.
Drink which item? (? for menu, Esc to quit)
You fade into invisibility!
* * * LOW HITPOINT WARNING * * *
You feel sick. The merfolk impaler barely misses you.
The water nymph casts a spell at you.
You die...

##PP ,#≈≈≈≈..... ≈ ≈
##PPP#*≈ ##≈≈≈≈...... ≈
#.P.P.#####≈≈.≈[≈≈.... ,
PPP.PP...Pm≈≈P..≈.....≈
,
..P......≈P≈≈.........≈
.......E.m...........≈≈
* ####m≈Sm..P....##.≈≈ ≈
,
,,##..≈m#m.(.....≈≈.≈≈≈
≈ ,
#≈..@#≈#H.PP.≈≈≈≈..≈≈ ≈≈
#≈≈#≈m.#≈).E.P≈≈≈≈...≈ ≈
#..#≈#≈.m.#(..≈≈§≈≈....
≈ ≈
,#..≈≈≈#≈..#..P≈≈≈≈≈..##
,
#...≈≈≈#..#.≈.≈≈≈≈≈....
...#..≈#≈≈##≈m≈≈≈≈≈≈≈≈≈.
≈ ≈
..#.#)..≈##≈≈≈≈≈≈.≈≈≈≈≈≈
...#.[..##≈≈≈≈≈≈...P≈≈≈≈
≈ ≈ .
####≈≈≈≈≈≈≈<.(≈≈≈≈≈


You could see 2 merfolk impalers, a sea snake, 2 merfolk, 2 water nymphs and a
water elemental.

Vanquished Creatures
  Saint Roka (Orc:4)
  Gastronok (Lair:1)
  2 orc warlords (Orc:3)
  Snorg (Lair:3)
  A merfolk javelineer (Shoals:4)
  A merfolk impaler (Shoals:4)
  A vault guard (D:13)
  Josephine (Lair:7)
  A fire dragon (Lair:8)
  Fannar (Lair:3)
  An ogre mage (D:15)
  Erolcha (D:9)
  A merfolk avatar (Shoals:4)
  2 alligator snapping turtles
  2 merfolk aquamancers
  5 centaur warriors
  A satyr (Shoals:3)
  5 tengu warriors
  An orc high priest (Orc:4)
  A hell knight (D:15)
  3 sea snakes
  3 unseen horrors
  2 ice statues (IceCv)
  A necromancer (IceCv)
  4 harpies
  6 orc knights
  Pikel (D:9)
  A wolf spider zombie (D:15)
  8 hill giants
  A salamander (shapeshifter) (D:15)
  An orc sorcerer (Orc:4)
  5 manticores
  4 griffons
  9 ugly things
  6 water nymphs
  3 fauns
  4 sirens
  4 cyclopes
  6 black mambas
  Joseph (D:8)
  2 centaur zombies (D:14)
  13 elephants
  2 torpor snails (Lair:8)
  A yaktaur (D:15)
  14 spiny frogs
  4 gargoyles
  An efreet (D:15)
  7 komodo dragons
  4 fire drakes
  A kobold demonologist (D:13)
  A tengu conjurer (D:15)
  9 merfolk
  2 freezing wraiths
  9 polar bears
  A queen bee (Lair:5)
  5 blue devils (IceCv)
  A two-headed ogre (D:13)
  6 trolls
  Grinder (D:6)
  Prince Ribbit (D:8)
  A raiju (Lair:8)
  A wind drake (Shoals:2)
  A boulder beetle (D:13)
  A trapdoor spider zombie (D:9)
  5 snapping turtles
  3 centaur simulacra
  18 blink frogs
  7 wraiths
  31 yaks
  6 wyverns
  2 hungry ghosts
  14 hippogriffs
  9 water elementals
  A basilisk (shapeshifter) (D:14)
  3 deep elf magi
  6 basilisks
  4 mottled dragons
  A steam dragon (Lair:8)
  2 nagas (Lair:4)
  10 wargs
  19 wolves
  9 porcupines
  4 hell hounds (Lair:8)
  15 water moccasins
  4 swamp drakes (Lair:8)
  11 black bears
  3 ice beasts
  3 sky beasts
  18 centaurs
  3 phantoms
  54 orc warriors
  10 ogres
  The ghost of bohran the Digger, an average DDEE (D:3)
  3 wasps
  2 big kobolds
  19 crocodiles
  24 giant frogs
  3 scorpions
  A wyvern zombie (D:14)
  33 killer bees
  5 electric eels
  4 wights (D:9)
  4 crimson imps
  3 giant frog zombies
  A draconian simulacrum (IceCv)
  A gnoll shaman (D:9)
  7 jellies
  18 hounds
  A giant frog skeleton (D:11)
  21 orc priests
  6 centaur skeletons
  21 orc wizards
  2 spriggan simulacra (IceCv)
  17 iguanas
  13 worker ants
  3 troll simulacra (IceCv)
  3 sheep
  A killer bee zombie (D:6)
  2 hound skeletons
  2 hound zombies
  17 adders
  4 gnolls (D:9)
  2 naga simulacra (IceCv)
  An ogre simulacrum (IceCv)
  3 shadow imps
  75 river rats
  12 white imps (Orc:2)
  7 oozes
  2 adder zombies
  3 worms
  7 giant geckos
  137 orcs
  3 ball pythons
  3 bat skeletons
  3 giant cockroaches
  17 goblins
  11 hobgoblins
  13 jackals
  29 kobolds
  7 quokkas
  A ball python skeleton (D:4)
  12 bats
  A giant cockroach zombie (D:5)
  7 giant newts
  17 rats
  3 fungi (Lair:8)
  4 plants (Lair:8)
1090 creatures vanquished.

Vanquished Creatures (others)
  3 acid blobs
  An azure jelly (Lair:8)
  A yaktaur captain (D:15)
  A great orb of eyes (Slime:1)
  A wizard (D:15)
  A shining eye (Slime:1)
  An eye of devastation (Slime:6)
  2 spiny frogs
  25 slime creatures
  A spriggan (Lair:5)
  A deep elf fighter (D:9)
  2 vampire mosquitoes (D:14)
  3 basilisks
  4 golden eyes (Slime:1)
  3 wolves
  3 wargs (Orc:4)
  A phantom (D:9)
  4 black bears
  3 eyes of draining
  3 water moccasins
  A slave (D:9)
  A human (D:4)
  2 orc warriors
  2 crocodiles (Lair:8)
  A giant frog (D:14)
  124 jellies
  A wight (D:9)
  An electric eel (Lair:8)
  3 hounds
  A giant frog zombie (D:12)
  8 orc priests
  10 orc wizards
  An iguana (D:12)
  A worker ant (D:14)
  6 river rats
  45 orcs
  2 goblins
  A hobgoblin (Orc:4)
  A bat (D:9)
  2 rats
  2 bushes (Lair:8)
  31 fungi
  23 plants
334 creatures vanquished.

Grand Total: 1424 creatures vanquished

Notes
Turn   | Place    | Note
--------------------------------------------------------------
     0 | D:1      | urechis the Troll Monk began the quest for the Orb.
     0 | D:1      | Reached XP level 1. HP: 22/22 MP: 0/0
   146 | D:1      | Reached XP level 2. HP: 25/29 MP: 1/1
   710 | D:2      | Found a snail-covered altar of Cheibriados.
   731 | D:2      | Reached XP level 3. HP: 19/37 MP: 2/2
  1135 | D:2      | Found a shattered altar of Ashenzari.
  1148 | D:2      | Reached XP level 4. HP: 35/45 MP: 3/3
  1159 | D:2      | Reached skill level 5 in Unarmed Combat
  1398 | D:3      | Found a basalt altar of Yredelemnul.
  1571 | D:3      | Noticed bohran's ghost (average DDEE)
  1591 | D:3      | Killed bohran's ghost
  1591 | D:3      | Reached XP level 5. HP: 42/53 MP: 4/4
  1689 | D:3      | Reached skill level 6 in Unarmed Combat
  1730 | D:3      | Found a sacrificial altar of Ru.
  2460 | D:4      | Found an ancient bone altar of Kikubaaqudgha.
  2507 | D:4      | Reached XP level 6. HP: 59/62 MP: 5/5
  2632 | D:4      | Noticed an ogre
  2636 | D:4      | Killed an ogre
  2739 | D:4      | Noticed an ogre
  2747 | D:4      | Killed an ogre
  2747 | D:4      | Reached skill level 7 in Unarmed Combat
  2747 | D:4      | Reached XP level 7. HP: 50/71 MP: 6/6
  2885 | D:4      | Found an ancient bone altar of Kikubaaqudgha.
  2885 | D:4      | Noticed a human
  2893 | D:4      | Killed a human
  3093 | D:5      | Entered Level 5 of the Dungeon
  3200 | D:5      | Found Gozag's Platinum Reserve.
  3203 | D:5      | Found an opulent altar of Gozag.
  3510 | D:5      | Reached skill level 8 in Unarmed Combat
  3718 | D:6      | Reached skill level 5 in Fighting
  4089 | D:6      | Reached XP level 8. HP: 76/80 MP: 7/7
  4096 | D:6      | Found a staircase to the Ecumenical Temple.
  4238 | Temple   | Entered the Ecumenical Temple
  4584 | D:6      | Noticed Grinder
  4589 | D:6      | Killed Grinder
  4589 | D:6      | Reached skill level 9 in Unarmed Combat
  4663 | D:7      | Found Qatuov's Book Emporium.
  5095 | D:7      | Reached skill level 10 in Unarmed Combat
  5356 | D:7      | Reached XP level 9. HP: 66/89 MP: 8/8
  5995 | D:8      | Found a staircase to the Lair.
  5995 | D:8      | Noticed an elephant
  6016 | D:7      | Killed an elephant
  6016 | D:7      | Reached skill level 11 in Unarmed Combat
  6095 | D:8      | Noticed Joseph
  6106 | D:8      | Killed Joseph
  6133 | D:8      | Found a stormy altar of Qazlal.
  6203 | D:8      | Noticed Prince Ribbit
  6217 | D:8      | Killed Prince Ribbit
  6276 | D:8      | Found a bloodstained altar of Trog.
  6331 | D:8      | Reached skill level 12 in Unarmed Combat
  6401 | D:8      | Reached XP level 10. HP: 71/102 MP: 9/9
  6456 | D:8      | Found a shimmering altar of Xom.
  6609 | D:8      | Found a glowing silver altar of Zin.
  6734 | Lair:1   | Entered Level 1 of the Lair of Beasts
  7274 | Lair:4   | Found a staircase to the Snake Pit.
  7425 | Lair:4   | Reached skill level 13 in Unarmed Combat
  7527 | Lair:6   | Noticed a black mamba
  7536 | Lair:6   | Killed a black mamba
  7662 | Lair:6   | Found a viscous altar of Jiyva.
  7663 | Lair:6   | Found a staircase to the Slime Pits.
  7666 | Lair:6   | Became a worshipper of Jiyva Jeimn the Shapeless
  7666 | Lair:6   | Acquired Jiyva's first power
  7666 | Lair:6   | Acquired Jiyva's second power
  8059 | Lair:1   | Reached XP level 11. HP: 58/113 MP: 10/10
  8063 | Lair:1   | Reached skill level 14 in Unarmed Combat
  8269 | Lair:1   | Noticed a black mamba
  8275 | Lair:1   | Killed a black mamba
  8512 | Lair:1   | Noticed Gastronok
  8517 | Lair:1   | Noticed a black mamba
  8525 | Lair:1   | Killed a black mamba
  8537 | Lair:1   | Killed Gastronok
  9015 | Lair:1   | Gained mutation: You have acidic saliva. [Jiyva's grace]
  9040 | Lair:1   | Acquired Jiyva's third power
  9390 | Lair:2   | Gained mutation: Your spells are a little harder to cast, but a little more powerful. [Jiyva's grace]
  9678 | Lair:3   | Found a staircase to the Shoals.
  9758 | Lair:3   | Noticed Fannar
  9770 | Lair:3   | Killed Fannar
  9770 | Lair:3   | Reached skill level 5 in Dodging
  9875 | Lair:3   | Noticed Snorg
  9889 | Lair:3   | Killed Snorg
 10137 | Lair:3   | Reached XP level 12. HP: 75/126 MP: 11/11
 10391 | Lair:3   | Noticed an eight-headed hydra
 10397 | Lair:3   | Slimified an eight-headed hydra
 10397 | Lair:3   | Noticed an acid blob
 10397 | Lair:3   | an eight-headed hydra changed into an acid blob
 10403 | Lair:3   | Gained mutation: Your body is partially covered in golden eyeballs (Acc +3). [Jiyva's grace]
 10468 | Lair:4   | Noticed a black mamba
 10481 | Lair:4   | Killed a black mamba
 10698 | Lair:4   | Reached skill level 10 in Fighting
 10856 | Lair:4   | Reached skill level 15 in Unarmed Combat
 10938 | Lair:4   | Gained mutation: You can spit weak poison. [Jiyva's grace]
 10982 | Lair:4   | Noticed a seven-headed hydra
 10992 | Lair:4   | Slimified a seven-headed hydra
 10992 | Lair:4   | Noticed an acid blob
 10992 | Lair:4   | a seven-headed hydra changed into an acid blob
 11118 | Lair:5   | Noticed a black mamba
 11128 | Lair:5   | Killed a black mamba
 11184 | Lair:5   | Noticed a four-headed hydra
 11190 | Lair:5   | Slimified a four-headed hydra
 11190 | Lair:5   | Noticed an acid blob
 11190 | Lair:5   | a four-headed hydra changed into an acid blob
 11467 | Lair:5   | Gained mutation: You are resistant to hostile enchantments. [Jiyva's grace]
 11952 | Lair:5   | Acquired Jiyva's fourth power
 12307 | Lair:6   | Gained mutation: You have a small jelly attached to you that senses nearby items. [Jiyva's grace]
 12691 | Lair:7   | Gained mutation: Your rubbery body absorbs attacks (AC +1). [Jiyva's grace]
 12779 | Lair:7   | Reached XP level 13. HP: 127/135 MP: 12/12
 13017 | Lair:7   | Got a faintly glowing marble ring
 13244 | Lair:7   | Gained mutation: You are partially covered in thin metallic scales (AC +2). [Jiyva's grace]
 13458 | Lair:8   | Entered Level 8 of the Lair of Beasts
 13496 | Lair:8   | Found a basalt altar of Yredelemnul.
 13670 | Lair:8   | Gained mutation: You are covered in slimy tendrils that may disarm your opponents. [Jiyva's grace]
 13855 | Lair:8   | Gained mutation: Armour fits poorly on your pseudopods. [Jiyva's grace]
 13915 | Lair:8   | Gained mutation: Your system is resistant to poisons. [Jiyva's grace]
 14211 | Lair:8   | Gained mutation: Your skin is partially translucent (Stealth, -foe acc). [Jiyva's grace]
 14215 | Lair:8   | Noticed Josephine
 14230 | Lair:7   | Killed Josephine
 14282 | Lair:8   | Reached skill level 10 in Dodging
 14438 | Lair:8   | Lost mutation: Your rubbery body absorbs attacks (AC +1). [Jiyva's grace]
 14473 | Lair:8   | Reached skill level 16 in Unarmed Combat
 14702 | Lair:8   | Noticed an azure jelly
 14702 | Lair:8   | a four-headed hydra changed into an azure jelly
 14704 | Lair:8   | Killed an azure jelly
 14732 | Lair:8   | Lost mutation: Your system is resistant to poisons. [Jiyva's grace]
 14848 | Lair:8   | Gained mutation: You have very sharp teeth. [Jiyva's grace]
 14931 | Lair:8   | Reached XP level 14. HP: 118/146 MP: 13/13
 14936 | Lair:8   | Gained mutation: You evolve. [Jiyva's grace]
 15085 | Slime:1  | Entered Level 1 of the Pits of Slime
 15085 | Slime:1  | Noticed an acid blob
 15086 | Slime:1  | Noticed an acid blob
 15100 | Slime:1  | Killed an acid blob
 15111 | Slime:1  | Killed an acid blob
 15138 | Slime:1  | Noticed an azure jelly
 15153 | Slime:1  | Noticed an acid blob
 15207 | Slime:1  | Noticed an acid blob
 15361 | Slime:2  | Noticed an acid blob
 15383 | Slime:4  | Noticed an azure jelly
 15392 | Slime:5  | Noticed an acid blob
 15397 | Slime:6  | Entered Level 6 of the Pits of Slime
 15397 | Slime:6  | Noticed an acid blob
 15405 | Slime:6  | Noticed an acid blob
 15410 | Slime:6  | Noticed the royal jelly
 15410 | Slime:6  | Noticed an azure jelly
 15412 | Slime:6  | Found a viscous altar of Jiyva.
 15412 | Slime:6  | Noticed an acid blob
 15418 | Slime:6  | Gained mutation: Your body is mostly covered in golden eyeballs (Acc +5). [Jiyva's grace]
 15428 | Slime:6  | Gained mutation: You are partially covered in rough black scales (AC +4, Dex -1). [Jiyva's grace]
 15432 | Slime:6  | Noticed an acid blob
 15434 | Slime:6  | Noticed an acid blob
 15446 | Slime:6  | Lost mutation: You evolve. [Jiyva's grace]
 15449 | Slime:6  | Killed an acid blob
 15455 | Slime:6  | Noticed an acid blob
 15456 | Slime:6  | Noticed an azure jelly
 15464 | Slime:6  | Got a slimy rune of Zot
 15466 | Slime:6  | Identified the Catalogue of Clay (You found it on level 6 of the Pits of Slime)
 15526 | Slime:6  | Identified the ring "Goutin" {+Fly Str+4 Slay+3} (You found it on level 7 of the Lair of Beasts)
 15542 | Slime:6  | Gained mutation: You can translocate small distances at will. [Jiyva's grace]
 15606 | Slime:6  | Got a twisted executioner's axe
 15607 | Slime:6  | Identified the +2 executioner's axe of Wiweshez {holy, rF+ Str+2 Int-4} (You found it on level 6 of the Pits of Slime)
 15725 | Lair:3   | Noticed a seven-headed hydra
 15732 | Lair:3   | Slimified a seven-headed hydra
 15732 | Lair:3   | Noticed an azure jelly
 15732 | Lair:3   | a seven-headed hydra changed into an azure jelly
 15862 | D:9      | Noticed Pikel
 15867 | D:9      | Killed Pikel
 15962 | D:9      | Gained mutation: Your rubbery body absorbs attacks (AC +1). [Jiyva's grace]
 15982 | D:9      | Found an iron altar of Okawaru.
 16047 | D:9      | Gained mutation: You have a small jelly attached to you that may absorb incoming projectiles. [Jiyva's grace]
 16135 | D:9      | Noticed Erolcha
 16144 | D:9      | Killed Erolcha
 16155 | D:9      | Gained mutation: You passively map a small area around you. [Jiyva's grace]
 16318 | D:9      | Found a glowing golden altar of the Shining One.
 16518 | D:10     | Entered Level 10 of the Dungeon
 17124 | D:11     | Gained mutation: You can spit poison. [Jiyva's grace]
 17143 | D:11     | Found a staircase to the Orcish Mines.
 17980 | D:13     | Lost mutation: You can spit poison. [Jiyva's grace]
 18322 | D:13     | Lost mutation: Armour fits poorly on your pseudopods. [mutagenic meat]
 18350 | D:13     | Found Xyppiud's Jewellery Shoppe.
 18544 | D:13     | Found a gate to the Vaults.
 18577 | D:13     | Lost mutation: You are partially covered in thin metallic scales (AC +2). [Jiyva's grace]
 18644 | D:13     | Noticed an acid blob
 18644 | D:13     | a seven-headed hydra changed into an acid blob
 18851 | D:14     | Lost mutation: You can translocate small distances at will. [Jiyva's grace]
 19297 | D:14     | Reached skill level 17 in Unarmed Combat
 19309 | D:14     | Lost mutation: You are resistant to hostile enchantments. [mutagenic meat]
 19508 | D:14     | Lost mutation: Your body is mostly covered in golden eyeballs (Acc +5). [mutagenic meat]
 19520 | D:14     | Gained mutation: You possess an exceptional clarity of mind. [potion of mutation]
 19520 | D:14     | Lost mutation: You have a small jelly attached to you that may absorb incoming projectiles. [potion of mutation]
 19521 | D:14     | Lost mutation: You are covered in slimy tendrils that may disarm your opponents. [potion of mutation]
 19532 | D:14     | Lost mutation: You have acidic saliva. [Jiyva's grace]
 19535 | D:15     | Entered Level 15 of the Dungeon
 19547 | D:15     | Found a white marble altar of Elyvilon.
 19557 | D:15     | Reached skill level 1 in Throwing
 19666 | D:15     | Noticed an azure jelly
 19666 | D:15     | a five-headed hydra changed into an azure jelly
 19696 | D:15     | Gained mutation: You are partially covered in slimy green scales (AC +2). [Jiyva's grace]
 19730 | D:15     | Gained mutation: Your skin is mostly translucent (Stealth, -foe acc). [Jiyva's grace]
 19769 | D:15     | Found a staircase to the Depths.
 19784 | D:15     | Found a sacrificial altar of Ru.
 19830 | D:15     | Reached XP level 15. HP: 110/156 MP: 14/14
 19838 | D:15     | Reached skill level 5 in Throwing
 19995 | D:15     | Lost mutation: You are partially covered in rough black scales (AC +4, Dex -1). [Jiyva's grace]
 20214 | D:15     | Noticed an azure jelly
 20214 | D:15     | a seven-headed hydra changed into an azure jelly
 20462 | Orc:1    | Entered Level 1 of the Orcish Mines
 20582 | Orc:1    | Gained mutation: Your mind is acute. (Int +2) [Jiyva's grace]
 20656 | Orc:1    | Lost mutation: Your mind is acute. (Int +2) [Jiyva's grace]
 20777 | Orc:2    | Found Wivyix's Antique Armour Shop.
 20812 | Orc:2    | Bought an embroidered cloak for 126 gold pieces
 21001 | Orc:2    | Found a frozen archway.
 21199 | Orc:2    | Lost mutation: Your body is partially covered in golden eyeballs (Acc +3). [Jiyva's grace]
 21445 | IceCv    | Entered an ice cave
 21821 | Orc:1    | Gained mutation: Your body is partially covered in golden eyeballs (Acc +3). [Jiyva's grace]
 22046 | Orc:3    | Lost mutation: Your skin is mostly translucent (Stealth, -foe acc). [Jiyva's grace]
 22142 | Orc:3    | Lost mutation: You possess an exceptional clarity of mind. [Jiyva's grace]
 22265 | Orc:3    | Lost mutation: You have a small jelly attached to you that senses nearby items. [Jiyva's grace]
 22267 | Orc:3    | Gained mutation: Your flesh is cold resistant. [Jiyva's grace]
 22273 | Orc:3    | Gained mutation: You are agile. (Dex +2) [Jiyva's grace]
 22281 | Orc:3    | Lost mutation: You are agile. (Dex +2) [Jiyva's grace]
 22303 | Orc:3    | Lost mutation: You can spit weak poison. [Jiyva's grace]
 22516 | Orc:3    | Gained mutation: You can spit weak poison. [Jiyva's grace]
 22741 | Orc:4    | Entered Level 4 of the Orcish Mines
 22751 | Orc:4    | Lost mutation: You are partially covered in slimy green scales (AC +2). [Jiyva's grace]
 22800 | Orc:4    | Gained mutation: You have a pair of small horns on your head. [Jiyva's grace]
 22853 | Orc:4    | Found a roughly hewn altar of Beogh.
 22869 | Orc:4    | Found Seescheg's Antique Weapon Boutique.
 22889 | Orc:4    | Gained mutation: You regenerate. [Jiyva's grace]
 22996 | Orc:4    | Lost mutation: You have very sharp teeth. [Jiyva's grace]
 22996 | Orc:4    | Gained mutation: You have a beak for a mouth. [Jiyva's grace]
 22997 | Orc:4    | Found a staircase to the Elven Halls.
 23019 | Orc:4    | Found a roughly hewn altar of Beogh.
 23071 | Orc:4    | Gained mutation: You have a somewhat thin skeletal structure (Dex +2, Stealth). [Jiyva's grace]
 23119 | Orc:4    | Gained mutation: You are agile. (Dex +2) [Jiyva's grace]
 23200 | Orc:4    | Gained mutation: You are robust (+10% HP). [Jiyva's grace]
 23313 | Orc:4    | Found a roughly hewn altar of Beogh.
 23381 | Orc:4    | Found a roughly hewn altar of Beogh.
 23382 | Orc:4    | Found Xeturriz's Armour Emporium.
 23409 | Orc:4    | Gained mutation: Your pliable body absorbs attacks (AC +1, EV +1). [Jiyva's grace]
 23470 | Orc:4    | Found a roughly hewn altar of Beogh.
 23686 | Orc:4    | Noticed Saint Roka
 23758 | Orc:4    | Gained mutation: You have sharp toenails. [Jiyva's grace]
 23777 | Orc:4    | Gained mutation: Armour fits poorly on your pseudopods. [Jiyva's grace]
 23800 | Orc:4    | Gained mutation: Your spells are harder to cast, but more powerful. [Jiyva's grace]
 23807 | Orc:4    | Gained mutation: Armour fits poorly on your large pseudopods. [Jiyva's grace]
 23860 | Orc:4    | Gained mutation: Your muscles are strong. (Str +2) [Jiyva's grace]
 23898 | Orc:4    | Found a roughly hewn altar of Beogh.
 23898 | Orc:4    | Found Nigagrets's Antique Weapon Shoppe.
 23905 | Orc:4    | Found Xynuq's Antique Armour Emporium.
 23942 | Orc:4    | Lost mutation: Your muscles are strong. (Str +2) [Jiyva's grace]
 24033 | Orc:4    | Found a staircase to the Elven Halls.
 24036 | Orc:4    | Found a roughly hewn altar of Beogh.
 24141 | Orc:4    | Found a roughly hewn altar of Beogh.
 24218 | Orc:4    | Found a roughly hewn altar of Beogh.
 24222 | Orc:4    | Found Seescheg's Antique Weapon Boutique.
 24241 | Orc:4    | Killed Saint Roka
 24241 | Orc:4    | Reached skill level 10 in Throwing
 24295 | Orc:4    | Gained mutation: You are partially covered in large bone plates (AC +2, SH +2). [Jiyva's grace]
 24321 | Orc:4    | Found a roughly hewn altar of Beogh.
 24322 | Orc:4    | Found Xeturriz's Armour Emporium.
 24353 | Orc:4    | Found Xynuq's Antique Armour Emporium.
 24354 | Orc:4    | Found a roughly hewn altar of Beogh.
 24357 | Orc:4    | Found Nigagrets's Antique Weapon Shoppe.
 24421 | Orc:4    | Found a roughly hewn altar of Beogh.
 24801 | D:8      | Lost mutation: You can spit weak poison. [Jiyva's grace]
 24921 | Shoals:1 | Entered Level 1 of the Shoals
 25059 | Shoals:1 | Found a glowing silver altar of Zin.
 25088 | Shoals:1 | Gained mutation: Your gelatinous body deflects attacks (AC +2, EV +2). [Jiyva's grace]
 25571 | Shoals:2 | Gained mutation: You are very robust (+20% HP). [Jiyva's grace]
 25862 | Shoals:2 | Got a distressingly furry cloak
 25873 | Shoals:2 | Identified the +2 cloak "Vaudabb" {Regen+ MP+9 Int+4} (You found it on level 2 of the Shoals)
 25876 | Shoals:2 | Found Zepa's General Store.
 25891 | Shoals:2 | Lost mutation: You have sharp toenails. [Jiyva's grace]
 26061 | Shoals:3 | Reached XP level 16. HP: 175/198 MP: 15/15
 26147 | Shoals:3 | Lost mutation: You regenerate. [Jiyva's grace]
 26187 | Shoals:3 | Gained mutation: Armour fits poorly on your massive pseudopods. [Jiyva's grace]
 26210 | Shoals:3 | Gained mutation: You have a pair of horns on your head. [Jiyva's grace]
 26603 | Shoals:4 | Entered Level 4 of the Shoals
 26618 | Shoals:4 | Noticed Ilsuiw
 26661 | Shoals:4 | HP: 2/198 [water nymph/the raging water (33)]
 26662 | Shoals:4 | Killed from afar by a water nymph

Vault maps used:
D:1:      evilmike_arrival_run_for_it
D:2:      ashenzari_altar_1, old_standard_altar, serial_corexii_hall,
          corexii_hall_statues_s, corexii_hall_statues_i,
          hangedman_decor_growths
D:3:      yredelemnul_altar_generic, lemuel_round_altar, first_bread,
          roderic_lattice_a
D:4:      kiku_gazebo_pond_becter, minmay_misc_feat_nine_boxes,
          tgw_kikubaaqudgha
D:5:      nicolae_gozag_zags_fifth_avenue
D:6:      minmay_klotski, minmay_temple_entry_poolview, uniq_grinder
D:7:      serial_shops, nicolae_shop_behind_doors
D:8:      kennysheep_mini_moat, lemuel_crystal_altar,
          nicolae_overflow_crystal_walls, zin_treasury, david_lair_generic,
          hangedman_little_slice_of_home, uniq_joseph, uniq_prince_ribbit1
D:9:      old_standard_altar, nicolae_tso_carved_into_rock,
          guppyfry_early_elven_hall, uniq_pikel, uniq_erolcha
D:11:     orc_0_dummy, nicolae_underground_beach
D:13:     david_vaults_5, serial_shops, shop
D:15:     hangedman_depths_entry_civil_slaughter, serial_bayou_pond_e,
          hangedman_feature_mirror
Temple:   nicolae_temple_great_sept
Lair:1:   statuecave_lemuel, beast_lair_carwin_4, uniq_gastronok
Lair:3:   shoals_dummy_entry, st_stairs_8, uniq_fannar, uniq_snorg
Lair:4:   guppyfry_snake_entry_garden, st_stairs_7,
          nicolae_quartered_pool_medium, grunt_megastairs_4
Lair:5:   special_room, serial_bayou_pond_a, forest_entry_grove
Lair:6:   dpeg_slime_entry_enclosed_altar
Lair:7:   minmay_stone_trees_small
Lair:8:   hangedman_lair_caniforms_friends, guppyfry_lair_end_dragon,
          basic_altar, disabler_island, uniq_josephine
Shoals:1: lemuel_centaur_altar
Shoals:2: serial_shops, shop
Shoals:4: shoals_end_simple, shoals_ilsuiw_alternative
Slime:1:  nicolae_slime_barrier
Orc:2:    portal_ice_cave_entry_imps, serial_shops, shop,
          nicolae_orc_pool_cavern
Orc:3:    minmay_orc_treasury
Orc:4:    grunt_orc_community_town_hall, grunt_orc_community_big_house_2,
          grunt_orc_community_big_house_1, grunt_orc_community_house_3,
          grunt_orc_community_house_3, grunt_orc_community_house_3,
          grunt_orc_community_house_2, grunt_orc_community_house_2,
          mines5_lemuel
IceCv:    ice_cave_tombish

Action                   |  1- 3 |  4- 6 |  7- 9 | 10-12 | 13-15 | 16-18 || total
-------------------------+-------+-------+-------+-------+-------+-------++-------
Melee: Unarmed           |   101 |   126 |   342 |   653 |  1747 |   113 ||  3082
Throw: Javelin           |       |       |     7 |     8 |     4 |       ||    19
       Tomahawk          |       |       |     1 |     5 |       |       ||     6
       Large rock        |       |       |       |       |     7 |       ||     7
Invok: Slimify           |       |       |       |     3 |     5 |       ||     8
       Jelly Paralyse    |       |       |       |       |    10 |       ||    10
       Request Jelly     |       |       |       |       |    13 |     3 ||    16
 Abil: Evoke Berserk Rag |       |       |       |     1 |       |       ||     1
  Use: Scroll            |       |       |       |    15 |    11 |     1 ||    27
       Potion            |       |       |       |       |     8 |     2 ||    10
 Stab: Sleeping          |     4 |     3 |     4 |     8 |    30 |       ||    49
       Distracted        |       |       |     1 |       |     8 |     1 ||    10
       Confused          |       |       |       |     4 |    37 |     1 ||    42
       Fleeing           |       |       |       |       |     1 |       ||     1
  Eat: Chunk             |    12 |    12 |    31 |    47 |    36 |       ||   138
       Bread ration      |       |     1 |       |       |       |       ||     1
